 Dungeon Crawl Stone Soup version 0.25-a0-591-g2ad0d86 (webtiles) character file.

Game seed: 5118812115436822316, levelgen mode: deterministic

3417 Faca the Cleaver (level 9, -5/91 HPs)
             Began as a Deep Dwarf Fighter on Mar 14, 2020.
             Was a Follower of Makhleb.
             Slain by a two-headed ogre
             ... wielding a +0 giant spiked club
              (15 damage)
             ... on level 8 of the Dungeon.
             The game lasted 00:14:18 (5873 turns).

Faca the Cleaver (Deep Dwarf Fighter)               Turns: 5873, Time: 00:14:19

Health: -5/91      AC: 15    Str: 27    XL:     9   Next: 76%
Magic:  4/4        EV:  5    Int: 13    God:    Makhleb [*.....]
Gold:   361        SH: 11    Dex: 15    Spells: 8/8 levels left

rFire    . . .     SeeInvis .   a - +1 war axe
rCold    . . .     Gourm    .   c - +1 kite shield
rNeg     . . .     Faith    .   v - +0 plate armour
rPois    +         Spirit   .   i - +0 helmet
rElec    .         Reflect  .   r - +0 cloak
rCorr    .         Harm     .   (no gloves)
MR       +....                  g - +0 pair of boots
Stlth    ..........             (no amulet)
HPRegen  0.00/turn              b - ring "Loism" {rPois Str+3 Int+5 Dex+3}
MPRegen  0.09/turn              (no ring)

@: non-regenerating
A: damage resistance, heal wounds, sense surroundings 2, no regeneration
a: Heal Wounds, Renounce Religion


You were on level 8 of the Dungeon.
You worshipped Makhleb.
Makhleb was aware of your devotion.
You were not hungry.

You visited 2 branches of the dungeon, and saw 9 of its levels.

You collected 361 gold pieces.

Inventory:

Hand Weapons
 a - a +1 war axe (weapon)
 A - a +2 flail of protection
Armour
 c - a +1 kite shield (worn)
 g - a +0 pair of boots (worn)
 i - a +0 helmet (worn)
 r - a +0 cloak (worn)
 v - a +0 plate armour (worn)
Jewellery
 b - the ring "Loism" (left hand) {rPois Str+3 Int+5 Dex+3}
   (You found it on level 6 of the Dungeon)

   [ring of strength]

   It affects your strength (+3).
   It affects your intelligence (+5).
   It affects your dexterity (+3).
   It protects you from poison.
Wands
 p - a wand of disintegration (4)
 q - a wand of iceblast (6)
 y - a wand of acid (5)
Scrolls
 l - a scroll of enchant armour
 n - 3 scrolls of remove curse
 o - 2 scrolls of magic mapping
 s - 2 scrolls of teleportation
 t - a scroll of immolation
 u - a scroll of enchant weapon
 w - a scroll of fear
Potions
 d - 2 potions of ambrosia
 e - a potion of flight
 h - a potion of stabbing
 k - 2 potions of resistance
 m - 2 potions of invisibility
 x - 2 potions of berserk rage {unknown}
Comestibles
 f - 10 rations
 z - 3 chunks of flesh


   Skills:
 + Level 9.2 Fighting
 + Level 10.5 Axes
 + Level 4.2 Armour
 + Level 4.2 Shields


You had 8 spell levels left.
You didn't know any spells.
Your spell library was empty.

Dungeon Overview and Level Annotations

Branches:
Dungeon (8/15)             Temple (1/1) D:7
   Lair: D:8-11

Altars:
Ashenzari
Cheibriados
Dithmenos
Elyvilon
Fedhas
Gozag
Hepliaklqana
Kikubaaqudgha
Makhleb
Nemelex Xobeh
Okawaru
Qazlal
Ru
Sif Muna
Trog
Uskayaw
Vehumet
Wu Jian
Xom
The Shining One

Annotations:
D:2 1 runed translucent door, Crazy Yiuf


Innate Abilities, Weirdness & Mutations

You are resistant to damage.
You can heal yourself by infusing magical energy.
You passively map the area around you.
You do not regenerate.


Message History

Press: ? - help, Shift-Dir - straight line, f/p - two-headed ogre
Aim: a two-headed ogre, wielding a +0 giant spiked club and a +0 giant club (chance to defeat MR: 48%)
The two-headed ogre resists with some effort.
Evoke which item? (* to show all) (? for menu, Esc to quit)
Aiming: Corrosive Bolt
Press: ? - help, Shift-Dir - straight line, f/p - two-headed ogre
Aim: a two-headed ogre, wielding a +0 giant spiked club and a +0 giant club The bolt of acid hits the two-headed ogre!
The two-headed ogre is splashed with acid.
The two-headed ogre is moderately wounded.
You barely miss the two-headed ogre.
The two-headed ogre is moderately wounded.
The two-headed ogre hits you with a +0 giant spiked club!!
* * * LOW HITPOINT WARNING * * *
The two-headed ogre hits you with a +0 giant club!
* * * LOW HITPOINT WARNING * * *
You slash the two-headed ogre!
The two-headed ogre is heavily wounded.
The two-headed ogre hits you with a +0 giant spiked club!
You die...

, ** * ** * #., ,
* #. * * #. * ** *
**##> ### , * * ..
..# .# , * ,
##.###. #.# .# *
,,,.......##.###.#
* , ,*#.O@......#
, * * *,
#..##.##.## ###*
** ,##..##.##.#
#.. .. ,
#..........#
#.##.. . ,
..#######))#
#.##.# . , , ##.
#.)# #.##.##. , ,,
*# * #))# #.##....
* , , #))#
#.##....
#..####.##<...


You could see a two-headed ogre.

Vanquished Creatures
  Pikel (D:6)
  2 hippogriffs
  A hungry ghost (D:7)
  A sky beast (D:5)
  4 slaves (D:6)
  An ice beast (D:7)
  2 orc warriors
  A phantom (D:7)
  3 ogres
  A centaur (D:5)
  A crocodile (D:7)
  6 bullfrogs
  Blork the orc (D:4)
  A scorpion (D:5)
  A water moccasin skeleton (D:5)
  3 crimson imps
  4 orc priests
  A jelly (D:7)
  A centaur skeleton (D:4)
  A gnoll shaman (D:4)
  2 bullfrog skeletons
  7 orc wizards
  Jessica (D:2)
  2 iguanas
  Natasha (thrice) (D:3)
  4 worker ants
  6 adders
  4 gnolls (D:4)
  2 shadow imps
  An ooze (D:1)
  2 adder skeletons (D:6)
  An adder zombie (D:6)
  2 worms
  4 dart slugs
  2 leopard geckos
  25 orcs
  4 ball pythons
  10 bats
  4 giant cockroaches
  7 goblins
  10 hobgoblins
  2 jackals (D:6)
  6 kobolds
  2 quokkas
  6 frilled lizards
  A leopard gecko zombie (D:8)
  A quokka skeleton (D:7)
  6 rats
164 creatures vanquished.

Notes
Turn   | Place    | Note
-------+----------+-------------------------------------------
     0 | D:1      | Faca the Deep Dwarf Fighter began the quest for the Orb.
     0 | D:1      | Reached XP level 1. HP: 20/20 MP: 1/1
   154 | D:1      | Reached XP level 2. HP: 25/28 MP: 2/2
   757 | D:1      | Reached skill level 3 in Axes
  1256 | D:2      | Reached XP level 3. HP: 26/34 MP: 3/3
  1360 | D:2      | Found a radiant altar of Vehumet.
  1427 | D:2      | Found an iron altar of Okawaru.
  1451 | D:2      | Noticed Jessica
  1462 | D:2      | Killed Jessica
  1462 | D:2      | Reached XP level 4. HP: 21/44 MP: 4/4
  1657 | D:2      | Reached skill level 4 in Axes
  1739 | D:2      | Found a runed translucent door.
  1740 | D:2      | Noticed Crazy Yiuf
  1892 | D:3      | Noticed Natasha
  1902 | D:3      | Killed Natasha
  1973 | D:3      | Noticed Natasha
  1977 | D:3      | Killed Natasha
  1977 | D:3      | Reached XP level 5. HP: 26/50 MP: 4/4
  2111 | D:3      | Reached skill level 5 in Axes
  2186 | D:3      | Reached XP level 6. HP: 47/58 MP: 4/4
  2299 | D:3      | Noticed Natasha
  2309 | D:3      | Killed Natasha
  2916 | D:4      | Reached skill level 5 in Fighting
  2984 | D:4      | Found a white marble altar of Elyvilon.
  3091 | D:4      | Reached skill level 6 in Axes
  3091 | D:4      | Reached XP level 7. HP: 41/67 MP: 5/5
  3142 | D:4      | Noticed Blork the orc
  3157 | D:4      | Killed Blork the orc
  3481 | D:5      | Entered Level 5 of the Dungeon
  3589 | D:5      | Reached skill level 7 in Axes
  3702 | D:5      | Reached XP level 8. HP: 38/78 MP: 5/5
  3761 | D:5      | Found a stormy altar of Qazlal.
  3973 | D:5      | Noticed a hippogriff
  3984 | D:5      | Killed a hippogriff
  3984 | D:5      | Reached skill level 8 in Axes
  4040 | D:5      | Found a snail-covered altar of Cheibriados.
  4566 | D:6      | Found a shimmering blue altar of Sif Muna.
  4604 | D:6      | Found a bloodstained altar of Trog.
  4697 | D:6      | Reached skill level 9 in Axes
  4758 | D:6      | Noticed Pikel
  4787 | D:6      | Killed Pikel
  4787 | D:6      | Gained mutation: You passively map the area around you.
                  | [Deep Dwarf growth]
  4787 | D:6      | Reached XP level 9. HP: 38/90 MP: 5/5
  4810 | D:6      | Got an ancient bone ring
  4811 | D:6      | Identified the ring "Loism" {rPois Str+3 Int+5 Dex+3} (You
                  | found it on level 6 of the Dungeon)
  5057 | D:7      | Found a staircase to the Ecumenical Temple.
  5062 | Temple   | Entered the Ecumenical Temple
  5123 | Temple   | Became a worshipper of Makhleb the Destroyer
  5193 | D:7      | Reached skill level 10 in Axes
  5630 | D:7      | Found a hide-covered altar of Uskayaw.
  5824 | D:8      | Reached * piety under Makhleb
  5866 | D:8      | Noticed a two-headed ogre
  5873 | D:8      | Slain by a two-headed ogre

Levels and vault maps discovered:
D:1:      sevenhm_arrival_forest_fort_small_3, layout_loops_corners, hex_medium,
          chequers_big_river
D:2:      layout_rooms, kennysheep_okawaru_gauntlet, vehumet_crystals,
          uniq_jessica, uniq_crazy_yiuf_cottage
D:3:      layout_loops_corners, uniq_natasha
D:4:      layout_gridville, kennysheep_mini, uniq_blork_the_orc
D:5:      layout_rooms, kennysheep_slug_shrine,
          nicolae_qazlal_general_emergency, first_ration
D:6:      layout_gridville, old_standard_altar, led_sif_book, uniq_pikel
D:7:      layout_basic, lemuel_doored_altar, minmay_temple_entry_ruins,
          minmay_misc_feat_columns
D:8:      layout_loops_corners, overflow_temple_1_default,
          yredelemnul_forgotten_temple_becter, nicolae_ossuary_entry_ruins,
          uniq_grum
Temple:   dshaligram_water_room_temple

Skill      XL: |  1  2  3  4  5  6  7  8  9 |
---------------+----------------------------+-----
Fighting       | 3 4 5 6 8 9 |  9.2
Axes           | 3 4 5 6 7 9 10 | 10.5
Armour         | 4 |  4.2
Shields        | 4 |  4.2

Action                   |  1- 3 |  4- 6 |  7- 9 || total
-------------------------+-------+-------+-------++-------
Melee: War axe           |   115 |   189 |   280 ||   584
 Abil: Heal Wounds       |       |     5 |    13 ||    18
Evoke: Wand              |       |       |     6 ||     6
  Use: Scroll            |     1 |     7 |     7 ||    15
       Potion            |       |     1 |     2 ||     3
  Eat: Chunk             |     2 |     6 |     6 ||    14
       Ration            |       |       |     1 ||     1
Armor: Scale mail        |    58 |    78 |    58 ||   194
       Plate armour      |       |       |    64 ||    64
Dodge: Dodged            |    43 |    67 |    66 ||   176
Block: Kite shield       |    68 |   121 |   149 ||   338

Table legend:
 A = Non-vault XP
 B = Vault XP
 C = Vault XP percentage of total XP
 D = Non-vault monster count
 E = Vault monster count
 F = Vault count percentage of total count
                 A         B        C        D         E       F
            +---------+---------+-------+---------+---------+-------
      Total |    4071 |     811 |  16.6 |     155 |       5 |   3.1
            +---------+---------+-------+---------+---------+-------
        D:1 |      40 |       0 |   0.0 |      18 |       0 |   0.0
        D:2 |      65 |      37 |  36.3 |      23 |       1 |   4.2
        D:3 |     252 |      35 |  12.2 |      28 |       1 |   3.4
        D:4 |     385 |      94 |  19.6 |      17 |       1 |   5.6
        D:5 |    1053 |       4 |   0.4 |      19 |       1 |   5.0
        D:6 |     806 |     641 |  44.3 |      25 |       1 |   3.8
        D:7 |    1231 |       0 |   0.0 |      15 |       0 |   0.0
        D:8 |     239 |       0 |   0.0 |      10 |       0 |   0.0
            +---------+---------+-------+---------+---------+-------
